WCHLSIM.com - West Coast Hockey League
Dernière mise à jour: 2025-12-07 16:11:59
html PUBLIC "-//W3C//DTD XHTML 1.0 Transitional//EN" "http://www.w3.org/TR/xhtml1/DTD/xhtml1-transitional.dtd"> WCHL - Game 250 - CALGARY FIREMEN vs KANSAS CITY KILLERBEES

CALGARY FIREMEN vs KANSAS CITY KILLERBEES

Created - 20 novembre 2024 at 07:05

Goals
1 2 3 T
CALGARY FIREMEN 1 1 0 2
KANSAS CITY KILLERBEES 1 2 0 3
Shots
1 2 3 T
CALGARY FIREMEN 7 16 10 33
KANSAS CITY KILLERBEES 9 9 3 21

1st period

1. KANSAS CITY KILLERBEES , Ivan Provorov 3 (Chris Kreider 8, Connor Bedard 8) at 6:07 (PP)
2. CALGARY FIREMEN , Michael McCarron 3 (Isac Lundestrom 3) at 15:20

Penalties :
Martin Fehervary (CGY) for High sticking (Minor) at 5:11, Fabian Zetterlund (CGY) for Hooking (Minor) at 7:31, John Gibson (KCK) for Slashing (Minor) at 10:10 - MacKenzie Entwistle served the penalty., Mason Marchment (CGY) for Tripping (Minor) at 18:00

2nd period

3. KANSAS CITY KILLERBEES , Chris Kreider 3 (Nicholas Paul 2) at 10:00
4. CALGARY FIREMEN , Ryan Johansen 3 (Martin Fehervary 3, Rasmus Sandin 4) at 11:59 (PP)
5. KANSAS CITY KILLERBEES , Ivan Provorov 4 (Chris Kreider 9, Justin Schultz 2) at 16:30 (PP)

Penalties :
MacKenzie Entwistle (KCK) for Charging (Minor) at 3:35, K'Andre Miller (KCK) for High sticking (Minor) at 10:45, Michael McCarron (CGY) for High sticking (Double Minor) at 14:34

3rd period

No Goal

Penalties :
Egor Sokolov (KCK) for Slashing (Minor) at 15:38, Mattias Ekholm (KCK) for High sticking (Minor) at 19:24

Goalie Stats

Marc-Andre Fleury (CGY), 18 saves from 21 shots - (0,857), L, 6-7-1, 58:46 minutes
John Gibson (KCK), 31 saves from 33 shots - (0,939), W, 5-8-1, 60:00 minutes

Players Stats for CALGARY FIREMEN

Player Name              G  A  P  +/- PIM S  H  SB GA TA FO     MP     PP MP  PK MP  
------------------------------------------------------------------------------------
Andrew Copp              0  0  0   0  0   3  0  0  0  0  16/25  18:00   3:45   0:15 
Brett Howden             0  0  0   0  0   0  0  0  0  0  6/9    10:44   0:00   4:06 
Calle Jarnkrok           0  0  0  -1  0   2  1  0  0  0  0/0    21:04   3:53   4:22 
Cody Glass               0  0  0   0  0   0  0  0  0  0  0/1     6:38   0:00   0:00 
Darren Raddysh           0  0  0   0  0   0  2  1  0  0  0/0    17:39   0:00   4:22 
Fabian Zetterlund        0  0  0  -1  2   2  1  0  0  0  1/1    16:41   3:53   0:00 
Filip Forsberg           0  0  0   0  0   6  1  0  0  0  0/0    17:53   3:53   0:00 
Isac Lundestrom          0  1  1   1  0   4  0  0  0  0  0/1    14:04   0:00   4:06 
Jack Drury               0  0  0  -1  0   2  1  0  0  0  12/19  14:36   0:30   1:17 
Jake McCabe              0  0  0  -1  0   5  4  0  0  0  0/0    19:49   4:28   0:00 
Jared Spurgeon           0  0  0   1  0   2  0  1  0  0  0/0    19:37   4:50   0:00 
Martin Fehervary         0  1  1   1  2   0  2  1  0  0  0/0    22:09   2:56   4:27 
Mason Marchment          0  0  0   0  2   1  1  0  0  0  0/0    17:30   3:31   0:00 
Michael McCarron         1  0  1   1  4   2  3  0  0  0  1/2    11:35   0:00   1:38 
Rasmus Sandin            0  1  1  -1  0   0  0  2  0  0  0/0    23:14   2:56   4:57 
Ryan Graves              0  0  0   0  0   1  2  2  0  0  0/0    17:31   0:22   3:52 
Ryan Johansen            1  0  1   1  0   3  2  0  0  0  14/22  15:45   3:53   1:54 
Yakov Trenin             0  0  0   0  0   0  0  0  0  0  0/0     6:38   0:00   0:00 

Players Stats for KANSAS CITY KILLERBEES

Player Name              G  A  P  +/- PIM S  H  SB GA TA FO     MP     PP MP  PK MP  
------------------------------------------------------------------------------------
Alexis Lafreniere        0  0  0  -1  0   0  1  0  0  0  1/2    18:19   4:21   0:00 
Chris Kreider            1  2  3   1  0   2  2  0  0  0  4/8    22:38   4:28   4:50 
Connor Bedard            0  1  1  -1  0   3  1  1  0  0  3/17   24:58   6:10   4:50 
Egor Sokolov             0  0  0   0  2   0  0  0  0  0  0/0    10:23   0:00   0:00 
Egor Zamula              0  0  0   0  0   0  1  0  0  0  0/0    14:29   0:50   4:08 
Ivan Provorov            2  0  2  -1  0   3  1  4  0  0  0/0    22:12   4:31   3:38 
Jordan Kyrou             0  0  0  -1  0   2  1  0  0  0  0/3    19:07   5:01   0:00 
Justin Schultz           0  1  1   0  0   1  1  2  0  0  0/0    17:11   1:49   4:08 
K'Andre Miller           0  0  0   1  2   1  2  1  0  0  0/0    18:07   0:00   0:00 
MacKenzie Entwistle      0  0  0   0  2   0  0  0  0  0  0/1    10:23   0:00   0:00 
Mattias Ekholm           0  0  0   1  2   0  1  3  0  0  0/0    22:25   4:18   0:00 
Morgan Barron            0  0  0   0  0   3  0  0  0  0  6/12   10:24   0:00   0:00 
Nicholas Paul            0  1  1   1  0   1  2  0  0  0  14/27  25:47   3:48   2:56 
Nicolas Aube-Kubel       0  0  0   0  0   2  0  0  0  0  0/0     5:43   0:00   0:00 
Parker Wotherspoon       0  0  0   0  0   0  0  0  0  0  0/0     0:00   0:00   0:00 
Philipp Kurashev         0  0  0   1  0   2  2  0  0  0  0/1    20:37   4:21   2:56 
Sean Walker              0  0  0  -1  0   1  0  1  0  0  0/0    19:24   0:00   3:38 
Tyler Johnson            0  0  0   0  0   0  0  0  0  0  2/9    10:03   4:28   0:00 

3 Stars

1 - Chris Kreider (KCK)
2 - Ivan Provorov (KCK)
3 - Ryan Johansen (CGY)

Power Play

CALGARY FIREMEN - 1 on 5 Attempt(s) - 20,00%
KANSAS CITY KILLERBEES - 2 on 5 Attempt(s) - 40,00%

Penalty Kill

CALGARY FIREMEN - 3 on 5 Attempt(s) - 60,00% - Score 0 goal in Penalty Kill
KANSAS CITY KILLERBEES - 4 on 5 Attempt(s) - 80,00% - Score 0 goal in Penalty Kill

Team Stat

CALGARY FIREMEN - Hits : 20 - Faceoff Wins : 50 - Blocked Shots : 7 - Penalty Minutes : 10
KANSAS CITY KILLERBEES - Hits : 15 - Faceoff Wins : 30 - Blocked Shots : 12 - Penalty Minutes : 10

Official

Referees : Trevor Hanson and Jon McIsaac
Linesman : Brandon Gawryletz and Brent Colby

Game Notes

No Game Note

Finance

Level 1 -- Attendance: 6500 (100,00%) -- Ticket Income 975 000 $
Level 2 -- Attendance: 4251 (80,21%) -- Ticket Income 510 120 $
Level 3 -- Attendance: 2500 (100,00%) -- Ticket Income 225 000 $
Level 4 -- Attendance: 4200 (100,00%) -- Ticket Income 210 000 $
Luxury Box -- Attendance: 1020 (100,00%) -- Ticket Income 295 800 $
Game was played at the Missouri Beehive Complex.
Total Attendance: 18471 (94,63%)
Total Ticket Income: 2 215 920 $
Other Expense: 22 159 $
Total Income: 2 193 761 $

CALGARY FIREMEN

5 vs 5 Forward 
   Center                   Left Wing                Right Wing               Time % Phy DF OF 
 1 Andrew Copp              Mason Marchment          Filip Forsberg           34     0   1  4  
 2 Jack Drury               Fabian Zetterlund        Calle Jarnkrok           32     0   2  3  
 3 Ryan Johansen            Isac Lundestrom          Michael McCarron         25     1   3  1  
 4 Brett Howden             Yakov Trenin             Cody Glass               9      1   3  1  

5 vs 5 Defense 
   Defense                  Defense                                           Time % Phy DF OF 
 1 Jake McCabe              Rasmus Sandin                                     34     0   2  3  
 2 Martin Fehervary         Jared Spurgeon                                    32     0   2  3  
 3 Ryan Graves              Darren Raddysh                                    25     0   2  3  
 4 Jake McCabe              Rasmus Sandin                                     9      0   2  3  

PowerPlay Forward 
   Center                   Left Wing                Right Wing               Time % Phy DF OF 
 1 Andrew Copp              Fabian Zetterlund        Filip Forsberg           55     1   0  4  
 2 Ryan Johansen            Mason Marchment          Calle Jarnkrok           45     1   0  4  

PowerPlay Defense
   Defense                  Defense                                           Time % Phy DF OF 
 1 Jake McCabe              Jared Spurgeon                                    55     1   0  4  
 2 Rasmus Sandin            Martin Fehervary                                  45     1   0  4  

Penalty Kill 4 Players Forward 
   Center                   Wing                     Time % Phy DF OF 
 1 Michael McCarron         Calle Jarnkrok           55     1   4  0  
 2 Brett Howden             Isac Lundestrom          45     1   4  0  

Penalty Kill 4 Players Defense
   Defense                  Defense                  Time % Phy DF OF 
 1 Ryan Graves              Darren Raddysh           55     1   4  0  
 2 Rasmus Sandin            Martin Fehervary         45     1   4  0  

Penalty Kill - 3 Players Forward 
   Forward                                           Time % Phy DF OF 
 1 Michael McCarron                                  55     1   4  0  
 2 Isac Lundestrom                                   45     1   4  0  

Penalty Kill - 3 Players Defense
   Defense                  Defense                  Time % Phy DF OF 
 1 Darren Raddysh           Ryan Graves              55     1   4  0  
 2 Rasmus Sandin            Martin Fehervary         45     1   4  0  

4 vs 4 Forward 
   Center                   Wing                     Time % Phy DF OF 
 1 Andrew Copp              Filip Forsberg           55     1   1  3  
 2 Jack Drury               Mason Marchment          45     1   1  3  

4 vs 4 Defense
   Defense                  Defense                  Time % Phy DF OF 
 1 Jake McCabe              Jared Spurgeon           55     1   2  2  
 2 Rasmus Sandin            Martin Fehervary         45     1   2  2  

Last Minutes Offensive
   Center                   Left Wing                Right Wing               Defense                  Defense                  
   Andrew Copp              Mason Marchment          Filip Forsberg           Jake McCabe              Jared Spurgeon           

Last Minutes Defensive
   Center                   Left Wing                Right Wing               Defense                  Defense                  
   Andrew Copp              Fabian Zetterlund        Calle Jarnkrok           Ryan Graves              Martin Fehervary         

Goaltenders
Starting : Marc-Andre Fleury        
Backup : Samuel Ersson            

Extra Forwards
Normal : Jack Drury, Andrew Copp, Isac Lundestrom - PP : Jack Drury, Cody Glass - PK : Ryan Johansen
Extra Defensemen
Normal : Ryan Graves, Darren Raddysh, Rasmus Sandin - PP : Ryan Graves - PK : Darren Raddysh, Rasmus Sandin
Penalty Shots
Filip Forsberg, Andrew Copp, Fabian Zetterlund, Mason Marchment, Calle Jarnkrok
Custom OT Lines Forwards
Filip Forsberg, Andrew Copp, Fabian Zetterlund, Mason Marchment, Calle Jarnkrok, Ryan Johansen, Michael McCarron, Brett Howden, Yakov Trenin, Jack Drury
Custom OT Lines Defensemen
Jake McCabe, Jared Spurgeon, Rasmus Sandin, Martin Fehervary, Ryan Graves

Scratches
Gustav Lindstrom (Healthy), Jacob Bryson (Healthy)

KANSAS CITY KILLERBEES

5 vs 5 Forward 
   Center                   Left Wing                Right Wing               Time % Phy DF OF 
 1 Nicholas Paul            Chris Kreider            Philipp Kurashev         38     1   2  2  
 2 Connor Bedard            Alexis Lafreniere        Jordan Kyrou             30     1   2  2  
 3 Tyler Johnson            Nicholas Paul            Nicolas Aube-Kubel       22     1   2  2  
 4 Morgan Barron            Egor Sokolov             MacKenzie Entwistle      10     1   2  2  

5 vs 5 Defense 
   Defense                  Defense                                           Time % Phy DF OF 
 1 Mattias Ekholm           K'Andre Miller                                    36     1   2  2  
 2 Ivan Provorov            Sean Walker                                       31     1   2  2  
 3 Justin Schultz           Egor Zamula                                       23     1   2  2  
 4 Justin Schultz           Sean Walker                                       10     1   2  2  

PowerPlay Forward 
   Center                   Left Wing                Right Wing               Time % Phy DF OF 
 1 Tyler Johnson            Chris Kreider            Jordan Kyrou             55     1   2  2  
 2 Nicholas Paul            Philipp Kurashev         Alexis Lafreniere        45     1   2  2  

PowerPlay Defense
   Defense                  Defense                                           Time % Phy DF OF 
 1 Mattias Ekholm           Connor Bedard                                     55     1   2  2  
 2 Ivan Provorov            Connor Bedard                                     45     1   2  2  

Penalty Kill 4 Players Forward 
   Center                   Wing                     Time % Phy DF OF 
 1 Chris Kreider            Connor Bedard            55     1   2  2  
 2 Nicholas Paul            Philipp Kurashev         45     1   2  2  

Penalty Kill 4 Players Defense
   Defense                  Defense                  Time % Phy DF OF 
 1 Sean Walker              Ivan Provorov            55     1   2  2  
 2 Justin Schultz           Egor Zamula              45     1   2  2  

Penalty Kill - 3 Players Forward 
   Forward                                           Time % Phy DF OF 
 1 Philipp Kurashev                                  55     1   2  2  
 2 Chris Kreider                                     45     1   2  2  

Penalty Kill - 3 Players Defense
   Defense                  Defense                  Time % Phy DF OF 
 1 Mattias Ekholm           Ivan Provorov            55     1   2  2  
 2 K'Andre Miller           Sean Walker              45     1   2  2  

4 vs 4 Forward 
   Center                   Wing                     Time % Phy DF OF 
 1 Chris Kreider            Nicholas Paul            55     1   2  2  
 2 Philipp Kurashev         Jordan Kyrou             45     1   2  2  

4 vs 4 Defense
   Defense                  Defense                  Time % Phy DF OF 
 1 Mattias Ekholm           Ivan Provorov            55     1   2  2  
 2 K'Andre Miller           Sean Walker              45     1   2  2  

Last Minutes Offensive
   Center                   Left Wing                Right Wing               Defense                  Defense                  
   Philipp Kurashev         Chris Kreider            Jordan Kyrou             Mattias Ekholm           Connor Bedard            

Last Minutes Defensive
   Center                   Left Wing                Right Wing               Defense                  Defense                  
   Chris Kreider            Philipp Kurashev         Nicholas Paul            Mattias Ekholm           Ivan Provorov            

Goaltenders
Starting : John Gibson              
Backup : Ilya Samsonov            

Extra Forwards
Normal : Connor Bedard, Tyler Johnson, Morgan Barron - PP : Connor Bedard, Tyler Johnson - PK : Morgan Barron
Extra Defensemen
Normal : Justin Schultz, Egor Zamula, K'Andre Miller - PP : Justin Schultz - PK : Egor Zamula, K'Andre Miller
Penalty Shots
Chris Kreider, Connor Bedard, Jordan Kyrou, Philipp Kurashev, Nicholas Paul
Custom OT Lines Forwards
Chris Kreider, MacKenzie Entwistle, Jordan Kyrou, Philipp Kurashev, Nicholas Paul, Connor Bedard, Tyler Johnson, Alexis Lafreniere, Morgan Barron, Nicolas Aube-Kubel
Custom OT Lines Defensemen
Mattias Ekholm, Ivan Provorov, K'Andre Miller, Sean Walker, Justin Schultz

Scratches
Boone Jenner (Healthy)

% Time on Ice - CALGARY FIREMEN

Lines # - Real PCT - Wanted PCT - Time Play
Normal Forward
1 - 32% - 34% - 14:00
2 - 30% - 32% - 12:49
3 - 23% - 25% - 9:58
4 - 15% - 9% - 6:38
Normal Defense
1 - 34% - 34% - 14:42
2 - 34% - 32% - 14:47
3 - 31% - 25% - 13:17
4 - 1% - 9% - 0:39
PP Forward
1 - 50% - 55% - 3:53
2 - 50% - 45% - 3:53
PP Defense
1 - 62% - 55% - 4:50
2 - 38% - 45% - 2:56
PK Forward
1 - 53% - 55% - 4:43
2 - 47% - 45% - 4:06
PK Defense
1 - 44% - 55% - 3:52
2 - 56% - 45% - 4:57
PK3 Forward
1 - 0% - 55%
2 - 0% - 45%
PK3 Defense
1 - 0% - 55%
2 - 0% - 45%
44 Forward
1 - 0% - 55%
2 - 0% - 45%
44 Defense
1 - 0% - 55%
2 - 0% - 45%
Last Minute Offensive  - 0:00
Last Minute Defensive  - 0:00
Total
Forward - 60:00
Defense - 60:00

% Time on Ice - KANSAS CITY KILLERBEES

Lines # - Real PCT - Wanted PCT - Time Play
Normal Forward
1 - 31% - 38% - 13:20
2 - 32% - 30% - 13:58
3 - 13% - 22% - 5:43
4 - 24% - 10% - 10:24
Normal Defense
1 - 42% - 36% - 18:08
2 - 32% - 31% - 14:03
3 - 22% - 23% - 9:31
4 - 4% - 10% - 1:43
PP Forward
1 - 51% - 55% - 4:28
2 - 49% - 45% - 4:21
PP Defense
1 - 49% - 55% - 4:18
2 - 51% - 45% - 4:31
PK Forward
1 - 62% - 55% - 4:50
2 - 38% - 45% - 2:56
PK Defense
1 - 47% - 55% - 3:38
2 - 53% - 45% - 4:08
PK3 Forward
1 - 0% - 55%
2 - 0% - 45%
PK3 Defense
1 - 0% - 55%
2 - 0% - 45%
44 Forward
1 - 0% - 55%
2 - 0% - 45%
44 Defense
1 - 0% - 55%
2 - 0% - 45%
Last Minute Offensive  - 0:00
Last Minute Defensive  - 0:00
Total
Forward - 60:00
Defense - 60:00

Play-by-Play

1st period


0:01 of 1st period - Andrew Copp wins face-off versus Nicholas Paul in neutral zone.
0:16 of 1st period - Icing by Philipp Kurashev.
0:17 of 1st period - Nicholas Paul wins face-off versus Jack Drury in KANSAS CITY KILLERBEES zone.
1:08 of 1st period - Icing by Mattias Ekholm.
1:09 of 1st period - Nicholas Paul wins face-off versus Ryan Johansen in KANSAS CITY KILLERBEES zone.
1:42 of 1st period - Shot by Michael McCarron.
1:42 of 1st period - Stopped by John Gibson with a rebound.
1:44 of 1st period - Shot by Isac Lundestrom.
1:44 of 1st period - Stopped by John Gibson without a rebound.
1:45 of 1st period - Morgan Barron wins face-off versus Andrew Copp in KANSAS CITY KILLERBEES zone.
2:53 of 1st period - Jordan Kyrou is hit by Martin Fehervary and loses puck.
2:58 of 1st period - Shot by Connor Bedard.
2:58 of 1st period - Stopped by Marc-Andre Fleury without a rebound.
2:59 of 1st period - Jack Drury wins face-off versus Tyler Johnson in CALGARY FIREMEN zone.
3:10 of 1st period - Shot by Calle Jarnkrok.
3:10 of 1st period - Shot Misses the Net.
3:14 of 1st period - Shot by Fabian Zetterlund.
3:14 of 1st period - Shot Blocked by Mattias Ekholm.
3:26 of 1st period - Shot by Fabian Zetterlund.
3:26 of 1st period - Shot Blocked by Mattias Ekholm.
4:03 of 1st period - Off-side.
4:04 of 1st period - Andrew Copp wins face-off versus Connor Bedard in neutral zone.
4:20 of 1st period - Shot by Andrew Copp.
4:20 of 1st period - Stopped by John Gibson without a rebound.
4:21 of 1st period - Morgan Barron wins face-off versus Isac Lundestrom in KANSAS CITY KILLERBEES zone.
5:11 of 1st period - Minor Penalty to Martin Fehervary for High sticking.
5:12 of 1st period - Nicholas Paul wins face-off versus Jack Drury in CALGARY FIREMEN zone.
5:31 of 1st period - Shot by Connor Bedard.
5:31 of 1st period - Deflect By Philipp Kurashev.
5:31 of 1st period - Shot Misses the Net.
5:35 of 1st period - Shot by Philipp Kurashev.
5:35 of 1st period - Shot Blocked by Ryan Graves.
5:37 of 1st period - Shot by Philipp Kurashev.
5:37 of 1st period - Stopped by Marc-Andre Fleury without a rebound.
5:38 of 1st period - Tyler Johnson wins face-off versus Brett Howden in CALGARY FIREMEN zone.
6:03 of 1st period - Shot by Chris Kreider.
6:03 of 1st period - Shot Misses the Net.
6:05 of 1st period - Shot by Ivan Provorov.
6:05 of 1st period - Stopped by Marc-Andre Fleury with a rebound.
6:07 of 1st period - Shot by Ivan Provorov.
6:07 of 1st period - Goal by Ivan Provorov - CALGARY FIREMEN : 0 - KANSAS CITY KILLERBEES : 1.
6:08 of 1st period - Morgan Barron wins face-off versus Andrew Copp in neutral zone.
7:31 of 1st period - Minor Penalty to Fabian Zetterlund for Hooking.
7:32 of 1st period - Brett Howden wins face-off versus Tyler Johnson in CALGARY FIREMEN zone.
8:09 of 1st period - Shot by Chris Kreider.
8:09 of 1st period - Shot Misses the Net.
8:19 of 1st period - Shot by Tyler Johnson.
8:19 of 1st period - Shot Misses the Net.
8:29 of 1st period - Shot by Philipp Kurashev.
8:29 of 1st period - Stopped by Marc-Andre Fleury with a rebound.
9:38 of 1st period - Icing by Darren Raddysh.
9:39 of 1st period - Andrew Copp wins face-off versus Morgan Barron in CALGARY FIREMEN zone.
10:10 of 1st period - Shot by Andrew Copp.
10:10 of 1st period - Stopped by John Gibson without a rebound.
10:10 of 1st period - Minor Penalty to John Gibson for Slashing.
10:11 of 1st period - Ryan Johansen wins face-off versus Chris Kreider in KANSAS CITY KILLERBEES zone.
10:12 of 1st period - Shot by Mason Marchment.
10:12 of 1st period - Shot Misses the Net.
10:14 of 1st period - Shot by Calle Jarnkrok.
10:14 of 1st period - Shot Hit the Post.
10:16 of 1st period - Shot by Jake McCabe.
10:16 of 1st period - Stopped by John Gibson with a rebound.
10:20 of 1st period - Shot by Calle Jarnkrok.
10:20 of 1st period - Shot Blocked by Connor Bedard.
12:28 of 1st period - MacKenzie Entwistle is hit by Ryan Graves.
12:58 of 1st period - Shot by Tyler Johnson.
12:58 of 1st period - Shot Misses the Net.
13:04 of 1st period - Shot by Nicolas Aube-Kubel.
13:04 of 1st period - Stopped by Marc-Andre Fleury with a rebound.
13:06 of 1st period - Shot by Nicolas Aube-Kubel.
13:06 of 1st period - Shot Misses the Net.
13:08 of 1st period - Shot by Nicolas Aube-Kubel.
13:08 of 1st period - Stopped by Marc-Andre Fleury with a rebound.
13:49 of 1st period - Connor Bedard is hit by Darren Raddysh and loses puck.
15:20 of 1st period - Shot by Michael McCarron.
15:20 of 1st period - Goal by Michael McCarron - CALGARY FIREMEN : 1 - KANSAS CITY KILLERBEES : 1.
15:21 of 1st period - Nicholas Paul wins face-off versus Andrew Copp in neutral zone.
15:33 of 1st period - Shot by Chris Kreider.
15:33 of 1st period - Shot Misses the Net.
16:05 of 1st period - Jared Spurgeon is hit by Philipp Kurashev.
16:27 of 1st period - Shot by Morgan Barron.
16:27 of 1st period - Stopped by Marc-Andre Fleury with a rebound.
16:29 of 1st period - Shot by Egor Zamula.
16:29 of 1st period - Shot Misses the Net.
16:44 of 1st period - Shot by Egor Zamula.
16:44 of 1st period - Shot Misses the Net.
17:19 of 1st period - Shot by Ryan Johansen.
17:19 of 1st period - Stopped by John Gibson without a rebound.
17:20 of 1st period - Andrew Copp wins face-off versus Philipp Kurashev in KANSAS CITY KILLERBEES zone.
17:23 of 1st period - Shot by Filip Forsberg.
17:23 of 1st period - Deflect By Andrew Copp.
17:23 of 1st period - Shot Misses the Net.
17:30 of 1st period - Philipp Kurashev is hit by Jake McCabe and loses puck.
17:42 of 1st period - Philipp Kurashev is hit by Jake McCabe and loses puck.
18:00 of 1st period - Minor Penalty to Mason Marchment for Tripping.
18:01 of 1st period - Tyler Johnson wins face-off versus Michael McCarron in CALGARY FIREMEN zone.
18:49 of 1st period - Icing by Jordan Kyrou.
18:50 of 1st period - Brett Howden wins face-off versus Jordan Kyrou in KANSAS CITY KILLERBEES zone.
18:57 of 1st period - Shot by Brett Howden.
18:57 of 1st period - Shot Blocked by Ivan Provorov.
19:15 of 1st period - Shot by Jordan Kyrou.
19:15 of 1st period - Stopped by Marc-Andre Fleury without a rebound.
19:16 of 1st period - Michael McCarron wins face-off versus Alexis Lafreniere in CALGARY FIREMEN zone.
19:46 of 1st period - Icing by Philipp Kurashev.
19:47 of 1st period - Brett Howden wins face-off versus Nicholas Paul in KANSAS CITY KILLERBEES zone.
Goals for this period are 1 for CALGARY FIREMEN vs 1 for KANSAS CITY KILLERBEES.
Shots for this period are 7 for CALGARY FIREMEN vs 9 for KANSAS CITY KILLERBEES.

2nd period


0:01 of 2nd period - Andrew Copp wins face-off versus Nicholas Paul in neutral zone.
0:01 of 2nd period - Filip Forsberg is hit by Philipp Kurashev and loses puck.
0:18 of 2nd period - Shot by Filip Forsberg.
0:18 of 2nd period - Stopped by John Gibson without a rebound.
0:19 of 2nd period - Jack Drury wins face-off versus Connor Bedard in KANSAS CITY KILLERBEES zone.
0:32 of 2nd period - Shot by Calle Jarnkrok.
0:32 of 2nd period - Shot Blocked by K'Andre Miller.
0:54 of 2nd period - Shot by Connor Bedard.
0:54 of 2nd period - Shot Misses the Net.
1:24 of 2nd period - Shot by Andrew Copp.
1:24 of 2nd period - Shot Misses the Net.
1:27 of 2nd period - Icing by Ivan Provorov.
1:28 of 2nd period - Nicholas Paul wins face-off versus Ryan Johansen in KANSAS CITY KILLERBEES zone.
1:28 of 2nd period - Nicholas Paul is hit by Michael McCarron.
1:37 of 2nd period - Nicholas Paul is hit by Ryan Johansen and loses puck.
1:49 of 2nd period - Icing by Philipp Kurashev.
1:50 of 2nd period - Andrew Copp wins face-off versus Nicholas Paul in KANSAS CITY KILLERBEES zone.
1:56 of 2nd period - Shot by Filip Forsberg.
1:56 of 2nd period - Stopped by John Gibson with a rebound.
2:01 of 2nd period - Icing by Ivan Provorov.
2:02 of 2nd period - Ryan Johansen wins face-off versus Nicholas Paul in KANSAS CITY KILLERBEES zone.
2:31 of 2nd period - Off-side.
2:32 of 2nd period - Andrew Copp wins face-off versus Connor Bedard in neutral zone.
3:35 of 2nd period - Minor Penalty to MacKenzie Entwistle for Charging.
3:36 of 2nd period - Ryan Johansen wins face-off versus Chris Kreider in KANSAS CITY KILLERBEES zone.
3:40 of 2nd period - Calle Jarnkrok is hit by Ivan Provorov and loses puck.
3:43 of 2nd period - Shot by Jared Spurgeon.
3:43 of 2nd period - Shot Misses the Net.
3:45 of 2nd period - Shot by Jared Spurgeon.
3:45 of 2nd period - Shot Misses the Net.
3:47 of 2nd period - Shot by Jack Drury.
3:47 of 2nd period - Stopped by John Gibson without a rebound.
3:48 of 2nd period - Nicholas Paul wins face-off versus Ryan Johansen in KANSAS CITY KILLERBEES zone.
4:07 of 2nd period - Shot by Jared Spurgeon.
4:07 of 2nd period - Shot Misses the Net.
4:17 of 2nd period - Egor Zamula is hit by Mason Marchment and loses puck.
5:26 of 2nd period - Shot by Ryan Graves.
5:26 of 2nd period - Stopped by John Gibson without a rebound.
5:27 of 2nd period - Chris Kreider wins face-off versus Jack Drury in KANSAS CITY KILLERBEES zone.
6:56 of 2nd period - Icing by Darren Raddysh.
6:57 of 2nd period - Brett Howden wins face-off versus Connor Bedard in CALGARY FIREMEN zone.
6:57 of 2nd period - Brett Howden is hit by Jordan Kyrou.
7:11 of 2nd period - Brett Howden is hit by Connor Bedard and loses puck.
7:20 of 2nd period - Shot by Alexis Lafreniere.
7:20 of 2nd period - Deflect By Connor Bedard.
7:20 of 2nd period - Shot Blocked by Ryan Graves.
7:22 of 2nd period - Shot by Justin Schultz.
7:22 of 2nd period - Stopped by Marc-Andre Fleury with a rebound.
8:22 of 2nd period - Shot by Chris Kreider.
8:22 of 2nd period - Stopped by Marc-Andre Fleury without a rebound.
8:23 of 2nd period - Morgan Barron wins face-off versus Ryan Johansen in CALGARY FIREMEN zone.
8:30 of 2nd period - Shot by Morgan Barron.
8:30 of 2nd period - Shot Misses the Net.
8:32 of 2nd period - Shot by Ivan Provorov.
8:32 of 2nd period - Shot Misses the Net.
9:22 of 2nd period - Nicholas Paul is hit by Martin Fehervary and loses puck.
9:31 of 2nd period - Shot by Nicholas Paul.
9:31 of 2nd period - Shot Misses the Net.
9:33 of 2nd period - Shot by Philipp Kurashev.
9:33 of 2nd period - Shot Blocked by Jared Spurgeon.
9:35 of 2nd period - Shot by Chris Kreider.
9:35 of 2nd period - Shot Misses the Net.
9:54 of 2nd period - Icing by K'Andre Miller.
9:55 of 2nd period - Nicholas Paul wins face-off versus Jack Drury in KANSAS CITY KILLERBEES zone.
10:00 of 2nd period - Shot by Chris Kreider.
10:00 of 2nd period - Goal by Chris Kreider - CALGARY FIREMEN : 1 - KANSAS CITY KILLERBEES : 2.
10:01 of 2nd period - Jack Drury wins face-off versus Connor Bedard in neutral zone.
10:08 of 2nd period - Shot by Fabian Zetterlund.
10:08 of 2nd period - Shot Misses the Net.
10:10 of 2nd period - Shot by Jake McCabe.
10:10 of 2nd period - Stopped by John Gibson without a rebound.
10:11 of 2nd period - Andrew Copp wins face-off versus Connor Bedard in KANSAS CITY KILLERBEES zone.
10:26 of 2nd period - Shot by Mason Marchment.
10:26 of 2nd period - Shot Misses the Net.
10:28 of 2nd period - Shot by Andrew Copp.
10:28 of 2nd period - Shot Misses the Net.
10:30 of 2nd period - Shot by Filip Forsberg.
10:30 of 2nd period - Deflect By Mason Marchment.
10:30 of 2nd period - Shot Misses the Net.
10:32 of 2nd period - Shot by Andrew Copp.
10:32 of 2nd period - Shot Blocked by Ivan Provorov.
10:34 of 2nd period - Shot by Jake McCabe.
10:34 of 2nd period - Stopped by John Gibson with a rebound.
10:36 of 2nd period - Shot by Jake McCabe.
10:36 of 2nd period - Stopped by John Gibson without a rebound.
10:37 of 2nd period - Jack Drury wins face-off versus Nicholas Paul in KANSAS CITY KILLERBEES zone.
10:45 of 2nd period - Minor Penalty to K'Andre Miller for High sticking.
10:46 of 2nd period - Chris Kreider wins face-off versus Andrew Copp in KANSAS CITY KILLERBEES zone.
11:29 of 2nd period - Shot by Filip Forsberg.
11:29 of 2nd period - Stopped by John Gibson with a rebound.
11:59 of 2nd period - Shot by Ryan Johansen.
11:59 of 2nd period - Goal by Ryan Johansen - CALGARY FIREMEN : 2 - KANSAS CITY KILLERBEES : 2.
12:00 of 2nd period - Morgan Barron wins face-off versus Cody Glass in neutral zone.
12:09 of 2nd period - Shot by Morgan Barron.
12:09 of 2nd period - Stopped by Marc-Andre Fleury without a rebound.
12:10 of 2nd period - Nicholas Paul wins face-off versus Ryan Johansen in CALGARY FIREMEN zone.
13:35 of 2nd period - Shot by Connor Bedard.
13:35 of 2nd period - Shot Misses the Net.
13:37 of 2nd period - Shot by Jordan Kyrou.
13:37 of 2nd period - Shot Misses the Net.
13:39 of 2nd period - Shot by K'Andre Miller.
13:39 of 2nd period - Stopped by Marc-Andre Fleury without a rebound.
13:40 of 2nd period - Andrew Copp wins face-off versus Morgan Barron in CALGARY FIREMEN zone.
13:49 of 2nd period - Off-side.
13:50 of 2nd period - Andrew Copp wins face-off versus Connor Bedard in neutral zone.
14:03 of 2nd period - Shot by Andrew Copp.
14:03 of 2nd period - Deflect By Filip Forsberg.
14:03 of 2nd period - Stopped by John Gibson without a rebound.
14:04 of 2nd period - Nicholas Paul wins face-off versus Ryan Johansen in KANSAS CITY KILLERBEES zone.
14:04 of 2nd period - Philipp Kurashev is hit by Michael McCarron and loses puck.
14:11 of 2nd period - Shot by Isac Lundestrom.
14:11 of 2nd period - Stopped by John Gibson with a rebound.
14:34 of 2nd period - Double Minor Penalty to Michael McCarron for High sticking.
14:35 of 2nd period - Jack Drury wins face-off versus Tyler Johnson in CALGARY FIREMEN zone.
14:35 of 2nd period - Jack Drury is hit by Chris Kreider.
15:17 of 2nd period - Shot by Connor Bedard.
15:17 of 2nd period - Shot Misses the Net.
15:32 of 2nd period - Icing by Connor Bedard.
15:33 of 2nd period - Jack Drury wins face-off versus Nicholas Paul in KANSAS CITY KILLERBEES zone.
15:40 of 2nd period - Mattias Ekholm is hit by Jack Drury and loses puck.
15:49 of 2nd period - Shot by Mattias Ekholm.
15:49 of 2nd period - Shot Blocked by Martin Fehervary.
16:05 of 2nd period - Shot by Connor Bedard.
16:05 of 2nd period - Stopped by Marc-Andre Fleury without a rebound.
16:06 of 2nd period - Brett Howden wins face-off versus Tyler Johnson in CALGARY FIREMEN zone.
16:18 of 2nd period - Shot by Justin Schultz.
16:18 of 2nd period - Shot Hit the Post.
16:28 of 2nd period - Shot by Chris Kreider.
16:28 of 2nd period - Shot Misses the Net.
16:30 of 2nd period - Shot by Ivan Provorov.
16:30 of 2nd period - Goal by Ivan Provorov - CALGARY FIREMEN : 2 - KANSAS CITY KILLERBEES : 3.
16:31 of 2nd period - Ryan Johansen wins face-off versus Nicholas Paul in neutral zone.
17:01 of 2nd period - Icing by Philipp Kurashev.
17:02 of 2nd period - Ryan Johansen wins face-off versus Nicholas Paul in KANSAS CITY KILLERBEES zone.
17:05 of 2nd period - Shot by Calle Jarnkrok.
17:05 of 2nd period - Stopped by John Gibson without a rebound.
17:06 of 2nd period - Ryan Johansen wins face-off versus Jordan Kyrou in KANSAS CITY KILLERBEES zone.
17:14 of 2nd period - Off-side.
17:15 of 2nd period - Ryan Johansen wins face-off versus Jordan Kyrou in neutral zone.
17:35 of 2nd period - Martin Fehervary is hit by Chris Kreider and loses puck.
18:18 of 2nd period - Shot by Nicholas Paul.
18:18 of 2nd period - Shot Blocked by Darren Raddysh.
18:22 of 2nd period - Shot by Nicholas Paul.
18:22 of 2nd period - Stopped by Marc-Andre Fleury with a rebound.
18:33 of 2nd period - Icing by K'Andre Miller.
18:34 of 2nd period - Andrew Copp wins face-off versus MacKenzie Entwistle in KANSAS CITY KILLERBEES zone.
18:35 of 2nd period - Shot by Filip Forsberg.
18:35 of 2nd period - Stopped by John Gibson without a rebound.
18:36 of 2nd period - Andrew Copp wins face-off versus Morgan Barron in KANSAS CITY KILLERBEES zone.
18:39 of 2nd period - Shot by Andrew Copp.
18:39 of 2nd period - Shot Blocked by Sean Walker.
18:53 of 2nd period - Shot by MacKenzie Entwistle.
18:53 of 2nd period - Shot Misses the Net.
18:55 of 2nd period - Shot by Ivan Provorov.
18:55 of 2nd period - Shot Blocked by Rasmus Sandin.
18:57 of 2nd period - Shot by Sean Walker.
18:57 of 2nd period - Stopped by Marc-Andre Fleury without a rebound.
18:58 of 2nd period - Ryan Johansen wins face-off versus Nicholas Paul in CALGARY FIREMEN zone.
18:58 of 2nd period - Ryan Johansen is hit by Nicholas Paul.
19:16 of 2nd period - Shot by Isac Lundestrom.
19:16 of 2nd period - Stopped by John Gibson without a rebound.
19:17 of 2nd period - Jack Drury wins face-off versus Connor Bedard in KANSAS CITY KILLERBEES zone.
19:20 of 2nd period - Shot by Calle Jarnkrok.
19:20 of 2nd period - Shot Hit the Post.
19:22 of 2nd period - Shot by Calle Jarnkrok.
19:22 of 2nd period - Stopped by John Gibson without a rebound.
19:23 of 2nd period - Nicholas Paul wins face-off versus Jack Drury in KANSAS CITY KILLERBEES zone.
19:32 of 2nd period - Shot by Jack Drury.
19:32 of 2nd period - Stopped by John Gibson with a rebound.
Goals for this period are 1 for CALGARY FIREMEN vs 2 for KANSAS CITY KILLERBEES.
Shots for this period are 16 for CALGARY FIREMEN vs 9 for KANSAS CITY KILLERBEES.

3rd period


0:01 of 3rd period - Nicholas Paul wins face-off versus Andrew Copp in neutral zone.
0:11 of 3rd period - Chris Kreider is hit by Jake McCabe and loses puck.
0:30 of 3rd period - Shot by Mason Marchment.
0:30 of 3rd period - Stopped by John Gibson without a rebound.
0:31 of 3rd period - Fabian Zetterlund wins face-off versus Connor Bedard in KANSAS CITY KILLERBEES zone.
0:31 of 3rd period - Fabian Zetterlund is hit by Egor Zamula.
0:42 of 3rd period - Off-side.
0:43 of 3rd period - Ryan Johansen wins face-off versus Connor Bedard in neutral zone.
0:51 of 3rd period - Icing by Alexis Lafreniere.
0:52 of 3rd period - Alexis Lafreniere wins face-off versus Andrew Copp in KANSAS CITY KILLERBEES zone.
0:52 of 3rd period - Alexis Lafreniere is hit by Filip Forsberg.
1:02 of 3rd period - Shot by Alexis Lafreniere.
1:02 of 3rd period - Shot Misses the Net.
1:05 of 3rd period - Icing by Rasmus Sandin.
1:06 of 3rd period - Andrew Copp wins face-off versus Chris Kreider in CALGARY FIREMEN zone.
1:06 of 3rd period - Andrew Copp is hit by Nicholas Paul.
1:25 of 3rd period - Icing by Justin Schultz.
1:26 of 3rd period - Jack Drury wins face-off versus Nicholas Paul in KANSAS CITY KILLERBEES zone.
1:26 of 3rd period - Calle Jarnkrok is hit by Justin Schultz and loses puck.
2:14 of 3rd period - Icing by Sean Walker.
2:15 of 3rd period - Andrew Copp wins face-off versus Connor Bedard in KANSAS CITY KILLERBEES zone.
3:03 of 3rd period - Icing by Ivan Provorov.
3:04 of 3rd period - Ryan Johansen wins face-off versus Connor Bedard in KANSAS CITY KILLERBEES zone.
3:12 of 3rd period - Connor Bedard is hit by Darren Raddysh and loses puck.
3:45 of 3rd period - Icing by Mattias Ekholm.
3:46 of 3rd period - Jack Drury wins face-off versus Nicholas Paul in KANSAS CITY KILLERBEES zone.
5:41 of 3rd period - Shot by Mason Marchment.
5:41 of 3rd period - Shot Misses the Net.
5:49 of 3rd period - Shot by Andrew Copp.
5:49 of 3rd period - Shot Misses the Net.
5:56 of 3rd period - Icing by Egor Zamula.
5:57 of 3rd period - Ryan Johansen wins face-off versus Connor Bedard in KANSAS CITY KILLERBEES zone.
6:55 of 3rd period - Shot by Brett Howden.
6:55 of 3rd period - Shot Blocked by Ivan Provorov.
6:57 of 3rd period - Shot by Jake McCabe.
6:57 of 3rd period - Stopped by John Gibson without a rebound.
6:58 of 3rd period - Nicholas Paul wins face-off versus Andrew Copp in KANSAS CITY KILLERBEES zone.
7:13 of 3rd period - Shot by Filip Forsberg.
7:13 of 3rd period - Shot Blocked by Mattias Ekholm.
7:48 of 3rd period - Icing by K'Andre Miller.
7:49 of 3rd period - Jack Drury wins face-off versus Nicholas Paul in KANSAS CITY KILLERBEES zone.
8:11 of 3rd period - Shot by Morgan Barron.
8:11 of 3rd period - Shot Misses the Net.
8:17 of 3rd period - Shot by Morgan Barron.
8:17 of 3rd period - Stopped by Marc-Andre Fleury without a rebound.
8:18 of 3rd period - Ryan Johansen wins face-off versus Connor Bedard in CALGARY FIREMEN zone.
8:18 of 3rd period - Ryan Johansen is hit by Alexis Lafreniere.
8:28 of 3rd period - Icing by Connor Bedard.
8:29 of 3rd period - Connor Bedard wins face-off versus Brett Howden in KANSAS CITY KILLERBEES zone.
9:41 of 3rd period - Shot by Andrew Copp.
9:41 of 3rd period - Shot Misses the Net.
10:37 of 3rd period - Shot by Calle Jarnkrok.
10:37 of 3rd period - Deflect By Fabian Zetterlund.
10:37 of 3rd period - Stopped by John Gibson without a rebound.
10:38 of 3rd period - Connor Bedard wins face-off versus Ryan Johansen in KANSAS CITY KILLERBEES zone.
10:38 of 3rd period - Connor Bedard is hit by Michael McCarron.
10:47 of 3rd period - Alexis Lafreniere is hit by Ryan Graves and loses puck.
11:04 of 3rd period - Shot by Isac Lundestrom.
11:04 of 3rd period - Shot Blocked by Justin Schultz.
11:06 of 3rd period - Shot by Michael McCarron.
11:06 of 3rd period - Shot Misses the Net.
11:08 of 3rd period - Shot by Isac Lundestrom.
11:08 of 3rd period - Deflect By Ryan Johansen.
11:08 of 3rd period - Stopped by John Gibson without a rebound.
11:09 of 3rd period - Jack Drury wins face-off versus Morgan Barron in KANSAS CITY KILLERBEES zone.
11:18 of 3rd period - Shot by Fabian Zetterlund.
11:18 of 3rd period - Shot Blocked by Ivan Provorov.
11:33 of 3rd period - Icing by Calle Jarnkrok.
11:34 of 3rd period - Jack Drury wins face-off versus Tyler Johnson in CALGARY FIREMEN zone.
13:26 of 3rd period - Jordan Kyrou is hit by Jake McCabe and loses puck.
13:35 of 3rd period - Shot by Connor Bedard.
13:35 of 3rd period - Shot Misses the Net.
13:37 of 3rd period - Shot by Ivan Provorov.
13:37 of 3rd period - Deflect By Connor Bedard.
13:37 of 3rd period - Shot Blocked by Rasmus Sandin.
13:41 of 3rd period - Shot by Connor Bedard.
13:41 of 3rd period - Stopped by Marc-Andre Fleury without a rebound.
13:42 of 3rd period - Ryan Johansen wins face-off versus Morgan Barron in CALGARY FIREMEN zone.
14:08 of 3rd period - Shot by Isac Lundestrom.
14:08 of 3rd period - Shot Blocked by Justin Schultz.
14:10 of 3rd period - Shot by Isac Lundestrom.
14:10 of 3rd period - Stopped by John Gibson without a rebound.
14:11 of 3rd period - Nicholas Paul wins face-off versus Brett Howden in KANSAS CITY KILLERBEES zone.
14:33 of 3rd period - Icing by Chris Kreider.
14:34 of 3rd period - Nicholas Paul wins face-off versus Jack Drury in KANSAS CITY KILLERBEES zone.
14:34 of 3rd period - Nicholas Paul is hit by Fabian Zetterlund.
14:58 of 3rd period - Shot by Chris Kreider.
14:58 of 3rd period - Shot Misses the Net.
15:27 of 3rd period - Shot by Alexis Lafreniere.
15:27 of 3rd period - Shot Misses the Net.
15:33 of 3rd period - Shot by Jordan Kyrou.
15:33 of 3rd period - Shot Misses the Net.
15:35 of 3rd period - Shot by Jordan Kyrou.
15:35 of 3rd period - Stopped by Marc-Andre Fleury without a rebound.
15:36 of 3rd period - Morgan Barron wins face-off versus Andrew Copp in CALGARY FIREMEN zone.
15:38 of 3rd period - Minor Penalty to Egor Sokolov for Slashing.
15:39 of 3rd period - Chris Kreider wins face-off versus Andrew Copp in KANSAS CITY KILLERBEES zone.
16:04 of 3rd period - Shot by Andrew Copp.
16:04 of 3rd period - Stopped by John Gibson with a rebound.
16:57 of 3rd period - Shot by Mason Marchment.
16:57 of 3rd period - Deflect By Ryan Johansen.
16:57 of 3rd period - Shot Misses the Net.
17:54 of 3rd period - Icing by Ryan Graves.
17:55 of 3rd period - Brett Howden wins face-off versus Tyler Johnson in CALGARY FIREMEN zone.
18:13 of 3rd period - Icing by Nicolas Aube-Kubel.
18:14 of 3rd period - Ryan Johansen wins face-off versus Tyler Johnson in KANSAS CITY KILLERBEES zone.
18:27 of 3rd period - Shot by Jared Spurgeon.
18:27 of 3rd period - Stopped by John Gibson without a rebound.
18:28 of 3rd period - Connor Bedard wins face-off versus Jack Drury in KANSAS CITY KILLERBEES zone.
18:28 of 3rd period - Connor Bedard is hit by Calle Jarnkrok.
18:46 of 3rd period - CALGARY FIREMEN, Marc-Andre Fleury is pulled from the net.
18:46 of 3rd period - Shot by Fabian Zetterlund.
18:46 of 3rd period - Stopped by John Gibson without a rebound.
18:47 of 3rd period - Andrew Copp wins face-off versus Morgan Barron in KANSAS CITY KILLERBEES zone.
18:47 of 3rd period - Andrew Copp is hit by Mattias Ekholm.
19:08 of 3rd period - Andrew Copp is hit by K'Andre Miller.
19:12 of 3rd period - Shot by Filip Forsberg.
19:12 of 3rd period - Stopped by John Gibson with a rebound.
19:23 of 3rd period - Andrew Copp is hit by K'Andre Miller and loses puck.
19:24 of 3rd period - Minor Penalty to Mattias Ekholm for High sticking.
19:25 of 3rd period - Chris Kreider wins face-off versus Ryan Johansen in KANSAS CITY KILLERBEES zone.
19:25 of 3rd period - Chris Kreider is hit by Ryan Johansen.
19:41 of 3rd period - Shot by Jared Spurgeon.
19:41 of 3rd period - Stopped by John Gibson without a rebound.
19:42 of 3rd period - Andrew Copp wins face-off versus Chris Kreider in KANSAS CITY KILLERBEES zone.
Goals for this period are 0 for CALGARY FIREMEN vs 0 for KANSAS CITY KILLERBEES.
Shots for this period are 10 for CALGARY FIREMEN vs 3 for KANSAS CITY KILLERBEES.


MATTHEW
TKACHUK
TOM
WILSON
JAKE
GUENTZEL